 Dungeon Crawl Stone Soup version 0.24.0-37-gcf1ca852f1 (webtiles) character file.

Game seed: 18303282326223363698, levelgen mode: deterministic

178 Mrkan the Shield-Bearer (level 5, -1/47 HPs)
             Began as a Minotaur Fighter on Nov 26, 2019.
             Killed from afar by Sigmund (2 damage)
             ... with a puff of flame
             ... on level 3 of the Dungeon.
             The game lasted 00:04:03 (1942 turns).

Mrkan the Shield-Bearer (Minotaur Fighter)          Turns: 1942, Time: 00:04:03

Health: -1/47      AC:  7    Str: 20    XL:     5   Next: 32%
Magic:  4/4        EV:  7    Int:  6    God:
Gold:   109        SH:  9    Dex: 10    Spells: 4/4 levels left

rFire    . . .     SeeInvis .   a - +0 war axe
rCold    . . .     Gourm    .   c - +0 shield
rNeg     . . .     Faith    .   b - +0 scale mail
rPois    .         Spirit   .   (helmet restricted)
rElec    .         Reflect  .   (no cloak)
rCorr    .         Harm     .   (no gloves)
MR       .....                  (no boots)
Stlth    ..........             (no amulet)
HPRegen  0.15/turn              (no ring)
MPRegen  0.09/turn              (no ring)

@: no status effects
A: retaliatory headbutt, horns 2
a: no special abilities


You were on level 3 of the Dungeon.
You were not hungry.

You visited 1 branch of the dungeon, and saw 3 of its levels.

You collected 109 gold pieces.

Inventory:

Hand Weapons
 a - a +0 war axe (weapon)
Armour
 b - a +0 scale mail (worn)
 c - a +0 shield (worn)
Jewellery
 j - an uncursed amulet of the gourmand {unknown}
Wands
 l - a wand of polymorph (2)
Scrolls
 g - 5 scrolls of identify {unknown}
 i - 2 scrolls of immolation {unknown}
 m - a scroll of magic mapping {unknown}
 p - a scroll of remove curse {unknown}
Potions
 d - 2 potions of might
 e - 2 potions of berserk rage {unknown}
 h - 2 potions of lignification {unknown}
 k - a potion of ambrosia {unknown}
 n - 2 potions of heal wounds {unknown}
Comestibles
 f - 3 rations
 o - 3 chunks of flesh


   Skills:
 + Level 4.5 Fighting
 * Level 4.6 Axes
 + Level 4.5 Armour
 + Level 4.6 Shields


You had 4 spell levels left.
You didn't know any spells.
Your spell library was empty.

Dungeon Overview and Level Annotations

Branches:
Dungeon (3/15)

Altars:

Annotations:
D:3 Sigmund


Innate Abilities, Weirdness & Mutations

You reflexively headbutt those who attack you in melee.
You have a pair of horns on your head.


Message History

You barely miss something. Something hits you!
Your scale mail prevents you from hitting something.
Your headbutt misses something. Something hits you but does no damage.
Your shield and scale mail prevent you from hitting something.
Something hits you but does no damage.
You miss something.
Your shield and scale mail prevent you from hitting something.
Something hits you.
You miss something. Something hits you.
* * * LOW HITPOINT WARNING * * *
Your scale mail prevents you from hitting something.
You hear some strange, mumbled words.
A magic dart appears from out of thin air!
The magic dart hits you!
* * * LOW HITPOINT WARNING * * *
You completely miss something. Your headbutt misses something.
You hear some strange, mumbled words.
A puff of flame appears from out of thin air!
The puff of flame hits you.
You die...

..........# #...........
..........### #.########÷#
.............##.### #.#
....l.....##......#### #..
..........####..#....####.
..........# #..#####...##.
#..###..### #.## #........ #.
#...##.#####.# #........ #.
#...l{@....# #........ #.
####.###..#####........
##.##### #...##...###..........
#......# #.####.#.##..###.####.
#......# ##.# #..#....##
#.###.. #......####..#
#.#..#######.#...#
#.........#.##
#.#..####......###
#......##...####.#.).....#.####
###†#######..#..<÷.###..##.#


You could see a frilled lizard.

Vanquished Creatures
  Natasha (thrice) (D:2)
  5 adders
  An ooze (D:2)
  A worm (D:3)
  A dart slug (D:1)
  2 leopard geckos
  An orc (D:3)
  3 ball pythons
  2 giant cockroaches
  5 goblins
  5 hobgoblins
  3 kobolds
  6 bats
  6 frilled lizards
  10 rats
54 creatures vanquished.

Notes
Turn   | Place    | Note
-------+----------+-------------------------------------------
     0 | D:1      | Mrkan the Minotaur Fighter began the quest for the Orb.
     0 | D:1      | Reached XP level 1. HP: 19/19 MP: 0/0
    95 | D:1      | Reached XP level 2. HP: 27/27 MP: 1/1
   709 | D:2      | Noticed Natasha
   721 | D:2      | Killed Natasha
   721 | D:2      | Reached XP level 3. HP: 24/33 MP: 2/2
  1098 | D:2      | Noticed Natasha
  1107 | D:2      | Killed Natasha
  1107 | D:2      | Reached XP level 4. HP: 32/40 MP: 3/3
  1122 | D:2      | Noticed Natasha
  1126 | D:2      | Killed Natasha
  1590 | D:3      | Reached XP level 5. HP: 40/47 MP: 4/4
  1915 | D:3      | Noticed Sigmund
  1941 | D:3      | HP: 1/47 [something/magic dart (10)]
  1942 | D:3      | Killed from afar by Sigmund

Levels and vault maps discovered:
D:1:      dpeg_arrival_subterranean_lakeside_camping, layout_basic
D:2:      layout_basic, palyth_stone_intersect, amethyst_killhole,
          hangedman_decor_clover_reticule, uniq_natasha
D:3:      minmay_diamond_boxcup, layout_rooms, first_ration, uniq_sigmund,
          uniq_jessica

Skill      XL: |  1  2  3 |
---------------+----------+-----
Axes           | 3 4 |  4.6
Fighting       | 4 |  4.5
Armour         | 4 |  4.5
Shields        | 4 |  4.6

Action                   |  1- 3 |  4- 6 || total
-------------------------+-------+-------++-------
Melee: War axe           |   103 |    70 ||   173
       Headbutt          |    11 |    12 ||    23
  Eat: Ration            |       |     1 ||     1
Armor: Scale mail        |    54 |    25 ||    79
Dodge: Dodged            |    28 |    25 ||    53
Block: Shield            |    51 |    21 ||    72
